 Dungeon Crawl Stone Soup version 0.30.0-29-ga12c61a403 (webtiles) character file.

Game seed: 3390215108468890231

2051 DildoBatman the Magician (level 9, -1/68 HPs)
             Began as a Formicid Conjurer on June 10, 2023.
             Was a Believer of Kikubaaqudgha.
             Slain by a killer bee (6 damage)
             ... on level 7 of the Dungeon.
             The game lasted 00:16:25 (5679 turns).

DildoBatman the Magician (Formicid Conjurer)        Turns: 5679, Time: 00:16:26

Health: -1/68      AC:  3    Str: 12    XL:     9   Next: 49%
Magic:  10/18      EV: 12    Int: 22    God:    Kikubaaqudgha [**....]
Gold:   348        SH:  0    Dex: 12    Spells: 9/20 levels left

rFire   . . .        b - +0 sling
rCold   + . .        (no shield)
rNeg    . . .        h - +0 robe
rPois   .            (helmet unavailable)
rElec   .            t - +0 cloak
rCorr   .            (no gloves)
SInv    +            (no boots)
Will    +....        i - amulet of faith
Stlth   ++           r - ring of willpower
HPRegen 0.31/turn    E - ring of protection from cold
MPRegen 0.16/turn

%: faith
@: no status effects
A: permanent stasis, dig shafts and tunnels, antennae 3, four strong arms
a: Dig, Shaft Self, Renounce Religion, Unearth Wretches


You were on level 7 of the Dungeon.
You worshipped Kikubaaqudgha.
Kikubaaqudgha was pleased with you.
You visited 2 branches of the dungeon, and saw 8 of its levels.

You collected 348 gold pieces.

Inventory:

Hand Weapons
 a - the +8 short sword "Tyecs" {speed, Str+3}
   (You found it on level 4 of the Dungeon)

   Str:       It affects your strength (+3).
 b - a +0 sling (weapon)
Missiles
 e - 10 boomerangs
 q - 15 poisoned darts
Armour
 h - a +0 robe (worn)
 t - a +0 cloak (worn)
Magical Staves
 u - a staff of cold
Jewellery
 i - an amulet of faith (around neck)
 r - a ring of willpower (left hand)
 E - a ring of protection from cold (right hand)
Scrolls
 c - 4 scrolls of enchant armour {unknown}
 f - a scroll of noise {unknown}
 g - 2 scrolls of identify {unknown}
 l - a scroll of immolation {unknown}
 m - 2 scrolls of brand weapon {unknown}
 n - 3 scrolls of magic mapping {unknown}
 s - 2 scrolls of amnesia {unknown}
 w - a scroll of fog {unknown}
 y - 2 scrolls of vulnerability {unknown}
 C - a scroll of acquirement {unknown}
 D - 2 scrolls of silence {unknown}
 H - a scroll of teleportation {unknown}
Potions
 d - 2 potions of magic
 j - a potion of invisibility {unknown}
 k - a potion of attraction {unknown}
 o - a potion of curing
 p - 3 potions of ambrosia {unknown}
 v - a potion of cancellation {unknown}
 x - a potion of flight {unknown}
 z - a potion of haste {unknown}
 A - 3 potions of heal wounds {unknown}
 B - a potion of mutation {unknown}
 F - a potion of degeneration {unknown}
 G - 2 potions of lignification {unknown}


   Skills:
 - Level 5.0 Fighting
 - Level 5.0 Armour
 - Level 3.0 Dodging
 - Level 3.0 Stealth
 * Level 6.3 Spellcasting
 - Level 6.0 Conjurations
 * Level 3.4 Necromancy
 * Level 1.5 Air Magic
 * Level 2.6 Poison Magic


You had 9 spell levels left.
You knew the following spells:

 Your Spells              Type           Power      Damage    Failure   Level
a - Searing Ray           Conj           66%        2d6       1%          2
c - Magic Dart            Conj           100%       1d8       1%          1
d - Vampiric Draining     Necr           22%        2d7       6%          3
e - Mephitic Cloud        Conj/Pois/Air  21%        N/A       7%          3
z - Sublimation of Blood  Necr           22%        N/A       3%          2

Your spell library contained the following spells:

 Spells                   Type           Power      Damage    Failure   Level
 Kiss of Death            Conj/Necr      100%       2d13      1%          1
 Necrotise                Necr           88%        1d8       2%          1
 Poisonous Vapours        Pois/Air       32%        N/A       6%          2
 Dazzling Flash           Conj/Hex       40%        N/A       8%          3
 Beastly Appendage        Tmut           12%        N/A       9%          1
 Wereblood                Tmut           6%         N/A       14%         2
 Spider Form              Tmut/Pois      12%        N/A       16%         3
 Confusing Touch          Hex            6%         N/A       26%         3
 Inner Flame              Hex/Fire       6%         N/A       26%         3
 Portal Projectile        Hex/Tloc       12%        N/A       26%         3
 Fulminant Prism          Conj/Hex       10%        3d8       26%         4
 Iskenderun's Mystic Bla  Conj/Tloc      20%        2d6       26%         4
 Freezing Cloud           Conj/Ice/Air   8%         6-21      65%         5


Dungeon Overview and Level Annotations

Branches:
Dungeon (7/15)             Temple (1/1) D:6

Altars:
Cheibriados
Elyvilon
Hepliaklqana
Kikubaaqudgha
Makhleb
The Shining One

Shops:
D:2 [

Annotations:
D:6 1 runed translucent door, Crazy Yiuf


Innate Abilities, Weirdness & Mutations

You cannot be hasted, slowed, berserked, paralysed or teleported.
You can dig through walls and to a lower floor.
You have a pair of large antennae on your head. (SInv)
Your four strong arms can wield two-handed weapons with a shield.


Message History

The killer bee stings you!
You are more poisoned.
The killer bee poisons you!
Casting: Searing Ray (safe; 1% risk of failure)
Confirm with . or Enter, or press ? or * to list all spells.
Aiming: Searing Ray (safe; 1% risk of failure)
Press: ? - help, Shift-Dir - straight line, f/p - killer bee
Aim: a killer bee (severely wounded, 61% to hit)
The searing ray misses the killer bee. (Press . to maintain the ray.)
The killer bee buzzes angrily. x2
You feel very sick.
You hear an angry buzzing noise.
The killer bee stings you but does no damage.
The killer bee stings you! The killer bee stings you. x2
You are lethally poisoned!
The killer bee poisons you!
The searing ray hits the killer bee.
The killer bee is almost dead.
You feel very sick. The killer bee barely misses you.
The killer bee stings you. The killer bee closely misses you.
The killer bee barely misses you.
The searing ray misses the killer bee.
You feel very sick.
The killer bee stings you but does no damage.
The killer bee closely misses you. x2
You feel better. The killer bee closely misses you.
The killer bee stings you but does no damage. x2
The killer bee stings you.
You are poisoned.
The killer bee poisons you!
You feel better. The killer bee stings you! The killer bee stings you.
You die...
Kikubaaqudgha rasps: "You have failed me!
Welcome... death!"

##..#.# ###...# ..
###.#.# ###.##### #
.##.#.#### #.....##
.##......# #####..#
...####(..# ##.#
##.#####..# #.###
#.........> #...#
#######..#.########.#
)...yyy@y...### {
.###y####.....#####
#..###.........#
..#[.........##§#
#..y.....>...##§#
..########..#.##§##
##...#§§§# #####.§§#
#...#


You could see 5 killer bees.

Vanquished Creatures
  Eustachio (D:3)
  Menkaure (D:6)
  3 ice beasts
  An ogre (D:5)
  A black bear (D:5)
  3 phantoms
  A kobold brigand (D:5)
  4 bullfrogs
  A scorpion (D:4)
  3 wights (D:6)
  2 hounds (D:6)
  A jelly (D:7)
  An orc priest (D:5)
  3 sleepcaps
  3 iguanas
  4 orc wizards
  11 adders
  A dart slug (D:1)
  16 orcs
  7 ball pythons
  5 bats
  2 endoplasms
  11 hobgoblins
  5 quokkas
  A frilled lizard (D:3)
  5 goblins
  14 kobolds
  5 rats
116 creatures vanquished.

Notes
Turn   | Place    | Note
-------+----------+-------------------------------------------
     0 | D:1      | DildoBatman the Formicid Conjurer began the quest for the
                  | Orb.
     0 | D:1      | Reached XP level 1. HP: 13/13 MP: 3/3
   164 | D:1      | Reached XP level 2. HP: 20/20 MP: 0/5
   167 | D:1      | Learned a level 2 spell: Searing Ray
   402 | D:1      | Reached XP level 3. HP: 25/25 MP: 3/6
   658 | D:1      | Reached skill level 1 in Fighting
   740 | D:2      | Got Azosh's Incunabulum of Beguiling
   928 | D:2      | Found Buurghed's Antique Armour Shop.
  1095 | D:2      | Reached skill level 1 in Armour
  1139 | D:2      | Found a burning altar of Makhleb.
  1517 | D:3      | Reached XP level 4. HP: 20/32 MP: 4/7
  1562 | D:3      | Found a white marble altar of Elyvilon.
  2532 | D:4      | Noticed a phantom
  2537 | D:4      | Killed a phantom
  2538 | D:4      | Reached XP level 5. HP: 33/38 MP: 1/9
  2561 | D:4      | Noticed Eustachio
  2632 | D:4      | Noticed an ice beast
  2790 | D:4      | Found an ancient bone altar of Kikubaaqudgha.
  2798 | D:4      | Became a worshipper of Kikubaaqudgha
  2930 | D:4      | Reached XP level 6. HP: 38/44 MP: 2/10
  2993 | D:4      | Identified the +8 short sword "Tyecs" {speed, Str+3}
  3246 | D:3      | Killed Eustachio
  3247 | D:3      | Reached XP level 7. HP: 22/51 MP: 0/12
  3329 | D:5      | Entered Level 5 of the Dungeon
  3461 | D:5      | Reached * piety under Kikubaaqudgha
  3461 | D:5      | Received a gift from Kikubaaqudgha
  3465 | D:5      | Learned a level 2 spell: Sublimation of Blood
  3469 | D:5      | Learned a level 3 spell: Vampiric Draining
  3630 | D:5      | Reached skill level 5 in Conjurations
  3630 | D:5      | Reached XP level 8. HP: 59/60 MP: 0/14
  4458 | D:6      | Reached skill level 5 in Spellcasting
  4458 | D:6      | Reached ** piety under Kikubaaqudgha
  4584 | D:6      | Reached skill level 1 in Necromancy
  4605 | D:6      | Noticed Menkaure
  4633 | D:6      | Learned a level 3 spell: Mephitic Cloud
  4719 | D:6      | Found a snail-covered altar of Cheibriados.
  4855 | D:4      | Reached skill level 5 in Fighting
  4855 | D:4      | Reached skill level 5 in Armour
  4855 | D:4      | Reached XP level 9. HP: 58/68 MP: 0/17
  5070 | D:6      | Found a staircase to the Ecumenical Temple.
  5111 | Temple   | Entered the Ecumenical Temple
  5168 | D:6      | Found a runed translucent door.
  5169 | D:6      | Noticed Crazy Yiuf
  5396 | D:6      | Killed Menkaure
  5397 | D:6      | Reached skill level 1 in Air Magic
  5397 | D:6      | Reached skill level 1 in Poison Magic
  5520 | D:7      | Found a glowing golden altar of the Shining One.
  5651 | D:7      | Found a hazy altar of Hepliaklqana.
  5677 | D:7      | HP: 2/68 [poisoned by a killer bee]
  5679 | D:7      | Slain by a killer bee

Illustrated notes

Levels and vault maps discovered:
D:1:      lemuel_arrival_lava_pool, layout_basic, minmay_surrounded
D:2:      layout_basic, basic_altar, serial_shops, shop_statue,
          hangedman_abyss_or_decor_lesser_grid
D:3:      layout_basic, elyvilon_altar_4
D:4:      layout_loops_ring, nicolae_kikubaaqudgha_miasma_corner,
          reono_crystal_passage, uniq_eustachio
D:5:      cheibrodos_thug_alley, layout_loops_ring, serial_glass,
          glass_columns_a, glass_columns_a
D:6:      layout_gridville, mainiacjoe_overflow_tiny_flanked,
          minmay_temple_entry_large_hall, uniq_crazy_yiuf_cottage, uniq_menkaure
D:7:      layout_rooms, lemuel_crystal_altar, nzn_hepliaklqana_mist_gate
Temple:   grunt_temple_mini_profane

Skill      XL: |  1  2  3  4  5  6  7  8  9 |
---------------+----------------------------+-----
Dodging        | 2 3 |  3.0
Fighting       | 1 2 3 5 |  5.0
Armour         | 1 2 3 5 |  5.0
Stealth        | 3 |  3.0
Conjurations   | 4 5 6 |  6.0
Spellcasting   | 3 4 5 6 |  6.3
Necromancy     | 1 3 |  3.4
Air Magic      | 1 |  1.5
Poison Magic   | 2 |  2.6

Action                     |  1- 3 |  4- 6 |  7- 9 || total
---------------------------+-------+-------+-------++-------
  Melee: Short sword       |    24 |     7 |    29 ||    60
         Punch             |     1 |       |     1 ||     2
         Quarterstaff      |       |     3 |       ||     3
   Fire: Sling             |    43 |    35 |    72 ||   150
   Cast: Magic Dart        |    39 |     7 |     5 ||    51
         Searing Ray       |     3 |    15 |    49 ||    67
Ability: Dig               |     2 |       |       ||     2
    Use: Potion            |       |       |     2 ||     2
   Stab: Sleeping          |     1 |       |       ||     1
         Distracted        |       |       |     1 ||     1
 Armour: Robe              |     9 |     3 |    24 ||    36
  Dodge: Dodged            |    27 |    21 |    61 ||   109
